 Dungeon Crawl Stone Soup version 0.29-a0-222-g5b244fca1f (webtiles) character file.

Game seed: 4965199740848576633

70 Azmakalis the Stinger (level 4, 0/27 HPs)
             Began as an Octopode Venom Mage on Feb 27, 2022.
             Succumbed to an adder's poison
             ... on level 3 of the Dungeon.
             The game lasted 00:05:42 (2070 turns).

Azmakalis the Stinger (Octopode Venom Mage)         Turns: 2070, Time: 00:05:43

Health: 0/27       AC:  1    Str:  7    XL:     4   Next: 22%
Magic:  4/7        EV: 13    Int: 19    God:
Gold:   97         SH:  0    Dex: 12    Spells: 1/7 levels left

rFire   . . .      SeeInvis .   h - +1 dagger (freeze)
rCold   . . .      Faith    .   (no shield)
rNeg    . . .      Spirit   .   (helmet restricted)
rPois   .          Reflect  .   (no amulet)
rElec   .          Harm     .   m - ring of willpower
rCorr   .          Rampage  .   (no ring)
Will    +....                   (no ring)
Stlth   +++.......              (no ring)
HPRegen 0.09/turn               (no ring)
MPRegen 0.10/turn               (no ring)
                                (no ring)
                                (no ring)

@: lethally poisoned (0 -> -12)
A: almost no armour, amphibious, 8 rings, camouflage 1, gelatinous body 1,
(nimble swimmer 1), tentacles
a: no special abilities


You were on level 3 of the Dungeon.
You visited 1 branch of the dungeon, and saw 3 of its levels.

You collected 97 gold pieces.

Inventory:

Hand Weapons
 h - a +1 dagger of freezing (weapon)
Missiles
 Q - 99 stones (quivered)
Magical Staves
 l - a staff of conjuration {!a}
Jewellery
 m - a ring of willpower (left tentacle)
Scrolls
 b - 3 scrolls of identify {unknown}
 c - 2 scrolls of blinking {unknown}
 d - a scroll of amnesia {unknown}
 e - a scroll of enchant armour {unknown}
 g - a scroll of teleportation {unknown}
Potions
 f - a potion of attraction {unknown}
 i - a potion of curing {unknown}
 k - a potion of berserk rage {unknown}
 n - a potion of ambrosia {unknown}


   Skills:
 - Level 2.0 Dodging
 - Level 2.6 Stealth
 - Level 2.0 Spellcasting
 - Level 1.0 Transmutations
 + Level 6.0 Poison Magic


You had one spell level left.
You knew the following spells:

 Your Spells              Type           Power      Damage    Failure   Level
a - Sting                 Tmut/Pois      60%        1d6       4%          1
b - Poisonous Vapours     Pois/Air       26%        N/A       8%          2
x - Mephitic Cloud        Conj/Pois/Air  9%         N/A       22%         3

Your spell library contained the following spells:

 Spells                   Type           Power      Damage    Failure   Level
 Beastly Appendage        Tmut           10%        N/A       11%         1
 Spider Form              Tmut/Pois      15%        N/A       12%         3
 Olgreb's Toxic Radiance  Pois           24%        N/A       14%         4
 Wereblood                Tmut           5%         N/A       17%         2


Dungeon Overview and Level Annotations

Branches:
Dungeon (3/15)

Altars:


Innate Abilities, Weirdness & Mutations

You cannot wear most types of armour.
You are amphibious.
You can wear up to eight rings at the same time.
Your skin changes colour to match your surroundings (Stealth+).
Your rubbery body absorbs attacks. (AC +1, EV +1)
((You are camouflaged when in or above water. (Stealth+)))
You have tentacles for arms and can constrict up to eight enemies at once.


Message History

You now have 3/7 mp.
The adder bites you.
You are poisoned.
The adder poisons you!
You take 3 damage, and have 24/27 hp.
You miss the adder.
You feel sick. The adder closely misses you.
You take 1 damage, and have 23/27 hp.
You closely miss the adder.
You feel sick. The adder bites you but does no damage.
You take 1 damage, and have 22/27 hp.
You hit the adder but do no damage.
You feel sick. The adder bites you.
You are more poisoned.
The adder poisons you! The adder bites you.
You are more poisoned.
The adder poisons you!
You take 4 damage, and have 18/27 hp.
You hit the adder. You freeze the adder.
You feel very sick. The adder bites you.
* * * LOW HITPOINT WARNING * * *
You are more poisoned.
The adder poisons you!
You take 9 damage, and have 9/27 hp.
MASSIVE DAMAGE!!
You hit the adder. You freeze the adder.
You kill the adder!
* * * LOW HITPOINT WARNING * * *
You feel very sick.
Your Poison Magic skill increases to level 6!
You take 4 damage, and have 5/27 hp.
It was a potion of resistance.
You feel protected.
* * * LOW HITPOINT WARNING * * *
You feel very sick.
You take 2 damage, and have 3/27 hp.
It was a potion of cancellation.
Your magical effects are unravelling.
You feel magically purged.
Your resistance to elements expires.
You die...

......# #....# ......# #....#
......# #....##
......###.....##
..<....[.......##
......###...##..## ######...##
##############.#..####++
........##......@....$..
........##.........#....
.......>##.........# # .
........##.........#
.#########.........#
.#########.........#
........##..<......#.#.......#
...............#####.#.......#
........#####........#.......#


There were no monsters in sight!

Levels and vault maps discovered:
D:1:      ldierk_water_garden, layout_loops_cross,
          chequers_ecumenical_altar_lobes
D:2:      layout_basic
D:3:      kennysheep_big_flooded_room, layout_basic, serial_shops, shop,
          small_statue_alley_b

Notes
Turn   | Place    | Note
-------+----------+-------------------------------------------
     0 | D:1      | Azmakalis the Octopode Venom Mage began the quest for the
                  | Orb.
     0 | D:1      | Reached XP level 1. HP: 11/11 MP: 3/3
    72 | D:1      | Identified a +0 hunting sling
   170 | D:1      | Reached skill level 4 in Poison Magic
   222 | D:1      | Reached XP level 2. HP: 14/17 MP: 5/5
   225 | D:1      | Learned a level 2 spell: Poisonous Vapours
   312 | D:1      | Identified a +0 dagger
   538 | D:1      | Identified a +0 leather armour
   542 | D:1      | Found a faded altar of an unknown god.
   860 | D:1      | Identified a +0 club
   886 | D:1      | Reached skill level 5 in Poison Magic
   886 | D:1      | Reached XP level 3. HP: 21/21 MP: 0/6
   972 | D:1      | Identified a scarf of resistance
  1312 | D:2      | Learned a level 3 spell: Mephitic Cloud
  1382 | D:2      | Identified a +0 dagger
  1448 | D:2      | Identified a +1 dagger of freezing
  1534 | D:2      | Noticed a phantom
  1557 | D:2      | Identified a +0 dagger
  1575 | D:2      | Identified a +0 club
  1813 | D:3      | Reached XP level 4. HP: 26/27 MP: 4/7
  1848 | D:3      | Identified a +0 ring mail of fire resistance
  1888 | D:3      | Identified a +0 dagger
  2038 | D:3      | Identified a ring of willpower
  2068 | D:3      | HP: 5/27 [poisoned by an adder]
  2069 | D:3      | Reached skill level 6 in Poison Magic
  2069 | D:3      | Identified a potion of resistance
  2070 | D:3      | Identified a potion of cancellation
  2070 | D:3      | Succumbed to an adder's poison

Table legend: (Time is in decaauts)
 A = Elapsed time spent in this place.
 B = Non-inter-level travel time spent in this place.
 C = Inter-level travel time spent in this place.
 D = Time resting spent in this place.
 E = Time spent auto-exploring this place.
 F = Levels seen in this place.
 G = Mean time per level.
                   A        B        C        D        E       F      G
               +--------+--------+--------+--------+--------+-----+--------+
         Total |   2068 |   1988 |     80 |      4 |   1643 |   3 |  689.3 |
       Dungeon |   2068 |   1988 |     80 |      4 |   1643 |   3 |  689.3 |
               +--------+--------+--------+--------+--------+-----+--------+

Top non-repeatable levels by time:
     D:1: 1306 daAuts
     D:2: 470 daAuts
     D:3: 291 daAuts

Table legend:
 A = Kills in this place as a percentage of kills in entire the game.
 B = Kills by you in this place as a percentage of kills by you in the entire game.
 C = Kills by friends in this place as a percentage of kills by friends in the entire game.
 D = Other kills in this place as a percentage of other kills in the entire game.
 E = Experience gained in this place as a percentage of experience gained in the entire game.
 F = Experience gained in this place divided by the number of levels of this place that you have seen.
                   A       B       C       D       E      F
               +-------+-------+-------+-------+-------+----------------------
         Total | 100.0 | 100.0 |   N/A |   N/A | 100.0 |  33.7
       Dungeon | 100.0 | 100.0 |   N/A |   N/A | 100.0 |  33.7
               +-------+-------+-------+-------+-------+----------------------

Skill      XL: |  1  2  3  4 |
---------------+-------------+-----
Poison Magic   | 4 5 6 |  6.0
Dodging        | |  2.0
Stealth        | |  2.6
Spellcasting   | |  2.0
Transmutations | |  1.0

Action                   |  1- 3 |  4- 6 || total
-------------------------+-------+-------++-------
Melee: Unarmed           |    17 |       ||    17
       Constrict         |    12 |     1 ||    13
       Tentacles         |    15 |     3 ||    18
       Dagger            |    49 |     8 ||    57
 Cast: Sting             |     5 |       ||     5
       Poisonous Vapours |    13 |     2 ||    15
  Use: Potion            |       |     2 ||     2
 Stab: Sleeping          |    11 |       ||    11
Armor: Skin              |     3 |     2 ||     5
Dodge: Dodged            |    45 |     5 ||    50

Vanquished Creatures
  A gnoll (D:1)
  An adder (D:3)
  2 dart slugs
  9 endoplasms
  2 giant cockroaches
  A goblin (D:1)
  2 hobgoblins
  4 quokkas
  4 ball pythons
  4 bats
  3 frilled lizards
  5 kobolds
  8 rats
46 creatures vanquished.

Vanquished Creatures (others)
  4 toadstools (D:1)
4 creatures vanquished.

Grand Total: 50 creatures vanquished
